 Dungeon Sprint DCSS version 0.26-a0-652-gafc20e3620 (webtiles) character file.

Game seed: 5420414459120796102

10134 mhtbhm the Severer (level 11, -17/115 (119) HPs)
             Began as a Minotaur Berserker on Oct 1, 2020.
             Was the Champion of Trog.
             Demolished by Qawoh the pandemonium lord (23 damage)
             ... in the Dungeon (Sprint VII: "The Pits").
             The game lasted 00:03:26 (2004 turns).

mhtbhm the Severer (Minotaur Berserker)             Turns: 2004, Time: 00:03:26

HP:   -17/115 (119) AC: 18    Str: 24    XL:     11   Next: 32%
MP:   10/10         EV: 15    Int: 10    God:    Trog [******]
Gold: 15            SH:  0    Dex:  9    Spells: 10/10 levels left

rFire    . . .     SeeInvis .   a - +2 war axe of Icolegh {freeze, rPois Int+6}
rCold    . . .     Faith    .   (no shield)
rNeg     . . .     Spirit   .   b - +5 ring mail
rPois    +         Reflect  .   (helmet restricted)
rElec    +         Harm     .   r - +0 cloak
rCorr    .         Rampage  .   o - +0 pair of gloves
MR       +++..     NoTele   +   p - +0 pair of boots
Stlth    +.........             (no amulet)
HPRegen  1.00/turn              (no ring)
MPRegen  0.12/turn              (no ring)

@: berserk cooldown, recuperating, badly diseased, slowed, very slow
A: retaliatory headbutt, horns 2, magic resistance 1, electricity resistance,
weak 1
a: Berserk, Trog's Hand, Brothers in Arms, Renounce Religion


You were in the Dungeon.
You worshipped Trog.
Trog was exalted by your worship.
You visited 1 branch You collected 15 gold pieces.

Inventory:

Hand Weapons
 a - the +2 war axe of Icolegh (weapon) {freeze, rPois Int+6}
   (You found it in the Dungeon)

   It has been specially enchanted to freeze those struck by it, causing extra
   injury to most foes and up to half again as much damage against particularly
   susceptible opponents.
   It can also slow down cold-blooded creatures.
   It affects your intelligence (+6).
   It protects you from poison.
 s - a +7 antimagic executioner's axe
Missiles
 t - 7 javelins (quivered)
Armour
 b - a +5 ring mail (worn)
 o - a +0 pair of gloves (worn)
 p - a +0 pair of boots (worn)
 r - a +0 cloak (worn)
Jewellery
 m - a +3 ring of dexterity
 n - a +3 ring of dexterity
Wands
 h - a wand of flame (18)
 l - a wand of enslavement (1)
Scrolls
 j - 3 scrolls of remove curse
 k - a scroll of summoning
 q - a scroll of blinking
Potions
 c - 8 potions of curing
 d - 12 potions of heal wounds
 e - a potion of haste
 f - 4 potions of magic
 g - 3 potions of berserk rage
 i - 2 potions of invisibility


   Skills:
 + Level 18.0 Fighting
 + Level 19.6 Axes
 + Level 14.9 Armour
 + Level 9.4 Dodging
 + Level 1.3 Stealth


You had 10 spell levels left.
You didn't know any spells.
Your spell library was empty.

Dungeon Overview and Level Annotations

Branches:
Dungeon (1/1)

Altars:


Innate Abilities, Weirdness & Mutations

You reflexively headbutt those who attack you in melee.
You have a pair of horns on your head.
You are resistant to hostile enchantments. (MR+)
You are resistant to electric shocks. (rElec)
You are weak. (Str -2)


Message History

Qawoh bites you!
* * * LOW HITPOINT WARNING * * *
You feel ill.
You feel your flesh rotting away!
You hit Qawoh but do no damage.
Qawoh is almost dead.
You slash Qawoh! You freeze Qawoh.
Qawoh is almost dead.
You are no longer berserk.
You are exhausted.
You feel yourself slow down. Qawoh bites you.
* * * LOW HITPOINT WARNING * * *
You hit Qawoh but do no damage.
Qawoh is almost dead.
Qawoh bites you!!
* * * LOW HITPOINT WARNING * * *
Qawoh barely misses you.
You barely miss Qawoh. Your headbutt misses Qawoh.
Qawoh is almost dead.
Qawoh bites you!!
You die...

#+# #.# #&# #@#
#'# #.# #'#
################'#
................)#
.))..............#
+##############..#
#..#


You could see Qawoh.

Vanquished Creatures
  A Hell Sentinel (D)
  A green death (D)
  Urug (D)
  4 death yaks (D)
  A flayed ghost (D)
  Maurice (D)
  A gargoyle (D)
  A smoke demon (D)
  An ice devil (D)
  A rime drake (D)
  A red devil (D)
  A jumping spider (D)
  A hippogriff (D)
  5 redbacks (D)
  A vampire (D)
  A steam dragon (D)
  A water moccasin (D)
  2 ogres (D)
  A centaur (D)
  An earth elemental (D)
  A scorpion (D)
  2 hounds (D)
  An iron imp (D)
  An orc priest (D)
  A worker ant (D)
  A river rat (D)
  An ufetubus (D)
  An ooze (D)
  A leopard gecko (D)
  An orc (D)
  A bat skeleton (D)
  A giant cockroach (D)
  2 goblins (D)
  A ball python (D)
  2 frilled lizards (D)
46 creatures vanquished.

Notes
Turn   | Place    | Note
-------+----------+-------------------------------------------
     0 | D        | mhtbhm the Minotaur Berserker began the quest for the Orb.
     0 | D        | Reached XP level 1. HP: 19/19 MP: 0/0
    12 | D        | Reached skill level 4 in Axes
    73 | D        | Reached ** piety under Trog
    73 | D        | Reached skill level 5 in Fighting
    73 | D        | Reached skill level 5 in Axes
    73 | D        | Reached XP level 2. HP: 29/29 MP: 1/1
    94 | D        | Reached *** piety under Trog
    94 | D        | Reached skill level 6 in Axes
    94 | D        | Reached XP level 3. HP: 38/38 MP: 2/2
    96 | D        | Reached skill level 7 in Axes
    96 | D        | Reached XP level 4. HP: 47/47 MP: 3/3
   175 | D        | Noticed a centaur
   180 | D        | Killed a centaur
   180 | D        | Reached **** piety under Trog
   180 | D        | Reached skill level 8 in Axes
   180 | D        | Reached XP level 5. HP: 56/56 MP: 4/4
   182 | D        | Noticed an ogre
   236 | D        | Reached skill level 9 in Axes
   237 | D        | Noticed a water moccasin
   239 | D        | Killed an ogre
   239 | D        | Reached skill level 10 in Fighting
   239 | D        | Reached skill level 10 in Axes
   239 | D        | Reached skill level 5 in Armour
   239 | D        | Reached XP level 6. HP: 66/66 MP: 5/5
   243 | D        | Killed a water moccasin
   243 | D        | Reached skill level 11 in Axes
   243 | D        | Reached skill level 5 in Dodging
   283 | D        | Reached ***** piety under Trog
   286 | D        | Noticed a flayed ghost
   302 | D        | Killed a flayed ghost
   302 | D        | Reached skill level 13 in Axes
   302 | D        | Reached XP level 7. HP: 22/78 MP: 6/6
   552 | D        | Reached XP level 8. HP: 83/85 MP: 7/7
   556 | D        | Received a gift from Trog
   568 | D        | Noticed a jumping spider
   568 | D        | Noticed a red devil
   571 | D        | Killed a jumping spider
   577 | D        | Killed a red devil
   577 | D        | Reached skill level 14 in Axes
   603 | D        | Gained mutation: You are resistant to electric shocks.
                  | (rElec) [potion of mutation]
   603 | D        | Gained mutation: You are weak. (Str -2) [potion of
                  | mutation]
   603 | D        | Gained mutation: You are resistant to hostile enchantments.
                  | (MR+) [potion of mutation]
   609 | D        | Got the +2 war axe of Icolegh {freeze, rPois Int+6}
   702 | D        | Noticed a smoke demon
   702 | D        | Noticed Maurice
   708 | D        | Killed a smoke demon
   708 | D        | Reached skill level 10 in Armour
   714 | D        | Killed Maurice
   714 | D        | Reached XP level 9. HP: 96/96 MP: 8/8
   770 | D        | Noticed an ice devil
   770 | D        | Noticed a death yak
   770 | D        | Noticed a death yak
   770 | D        | Noticed a death yak
   771 | D        | Noticed a death yak
   777 | D        | Killed a death yak
   777 | D        | Reached skill level 15 in Fighting
   777 | D        | Reached skill level 15 in Axes
   778 | D        | Killed a death yak
   778 | D        | Reached ****** piety under Trog
   778 | D        | Reached skill level 16 in Axes
   787 | D        | Killed an ice devil
   787 | D        | Received a gift from Trog
   790 | D        | Killed a death yak
   790 | D        | Reached skill level 17 in Axes
   790 | D        | Reached XP level 10. HP: 95/107 MP: 9/9
   800 | D        | Killed a death yak
  1120 | D        | Noticed a gargoyle
  1124 | D        | Received a gift from Trog
  1127 | D        | Reached skill level 18 in Axes
  1130 | D        | Killed a gargoyle
  1453 | D        | Noticed Urug
  1479 | D        | Killed Urug
  1585 | D        | Noticed a Hell Sentinel
  1597 | D        | Killed a Hell Sentinel
  1597 | D        | Received a gift from Trog
  1597 | D        | Reached skill level 19 in Axes
  1597 | D        | Reached skill level 1 in Stealth
  1597 | D        | Reached XP level 11. HP: 34/118 MP: 10/10
  1921 | D        | Noticed a green death
  1925 | D        | Killed a green death
  1978 | D        | Noticed Qawoh the pandemonium lord
  2003 | D        | HP: 5/115 [Qawoh the pandemonium lord (20)]
  2004 | D        | Demolished by Qawoh the pandemonium lord

Illustrated notes

Levels and vault maps discovered:
D:        pitsprint [storerooms_1, entrance_room_1, metal_vault_1, armoury_2,
          mini_pit_1, grid_room_1, main_hall_1, silver_pit, the_coven_1,
          the_vestibule_1, steel_vault_3, golden_pit, hallway_of_sentries,
          crystal_vault_1, iron_vault_1, final_vault]

Skill      XL: |  1  2  3  4  5  6  7  8  9 10 11 |
---------------+----------------------------------+-----
Fighting       | 5 6 7 8 10 12 14 16 17 18 | 18.0
Axes           | 5 6 7 8 10 13 14 17 19 | 19.6
Armour         | 3 4 5 8 10 12 14 | 14.9
Dodging        | 3 4 6 7 9 |  9.4
Stealth        | 1 |  1.3

Action                   |  1- 3 |  4- 6 |  7- 9 | 10-12 || total
-------------------------+-------+-------+-------+-------++-------
Melee: Hand axe          |    14 |    33 |     7 |       ||    54
       Headbutt          |     3 |     7 |     8 |    25 ||    43
       War axe           |       |       |    25 |    84 ||   109
       Executioner's axe |       |       |     4 |       ||     4
Invok: Berserk           |     1 |     2 |     3 |     4 ||    10
       Trog's Hand       |       |       |       |     1 ||     1
  Use: Potion            |       |       |     1 |     1 ||     2
Armor: Animal skin       |     2 |     2 |       |       ||     4
       Chain mail        |       |       |     2 |       ||     2
       Ring mail         |       |       |    10 |    22 ||    32
Dodge: Dodged            |     8 |     9 |    13 |    28 ||    58

Table legend: (Time is in decaauts)
 A = Elapsed time spent in this place.
 B = Non-inter-level travel time spent in this place.
 C = Inter-level travel time spent in this place.
 D = Time resting spent in this place.
 E = Time spent auto-exploring this place.
 F = Levels seen in this place.
 G = Mean time per level.
                   A        B        C        D        E       F      G
               +--------+--------+--------+--------+--------+-----+--------+
         Total |   2045 |   2045 |      0 |   1470 |      0 |   1 | 2045.0 |
       Dungeon |   2045 |   2045 |      0 |   1470 |      0 |   1 | 2045.0 |
               +--------+--------+--------+--------+--------+-----+--------+

Top non-repeatable levels by time:
       D: 2045 daAuts
